 Dungeon Crawl Stone Soup version 0.18-a0-1805-g8ab820f (webtiles) character file.

171516 st0uf the Unseen (level 18, -2/142 HPs)
             Began as a Formicid Fighter on Apr 26, 2016.
             Was the Champion of Dithmenos.
             Slain by a freezing wraith (6 damage)
             ... on level 2 of the Abyss on Apr 27, 2016.
             The game lasted 04:15:10 (37135 turns).

st0uf the Unseen (Formicid Fighter)                Turns: 37135, Time: 04:15:11

Health: -2/142     AC: 25    Str: 19    XL:     18   Next: 65%
Magic:  18/21      EV: 15    Int:  4    God:    Dithmenos [******]
Gold:   3281       SH: 18    Dex: 12    Spells: 1 memorised, 32 levels left

rFire  + . .     SeeInvis +     q - +5 triple sword (pain)
rCold  . . .     Gourm    .     d - +3 plate armour {rF+}
rNeg   . . .     Faith    .     c - +0 shield
rPois  .         Spirit   .     (helmet unavailable)
rElec  .         Dismiss  .     h - +0 cloak
rCorr  .         Reflect  +     e - +0 pair of gloves
SustAt .         Harm     .     (no boots)
MR     ++...                    O - +4 amulet of reflection
Stlth  +++.......               L - ring of protection from magic
                                T - +5 ring of evasion

@: flying, wreathed by umbra, very resistant to hostile enchantments, fairly
stealthy
A: permanent stasis, dig shafts and tunnels, four strong arms, antennae 3,
hooves 1, thin metallic scales 1, yellow scales 1, clumsy 2, deterioration 2,
dopey 2, low mp 3, weak 2, MP-powered wands
a: Dig, Shaft Self, Shadow Step, Shadow Form, Renounce Religion


You were on level 2 of the Abyss.
You worshipped Dithmenos.
Dithmenos was exalted by your worship.
You were very hungry.

You visited 5 branches of the dungeon, and saw 29 of its levels.
You visited the Abyss 1 time.

You collected 3311 gold pieces.
You spent 30 gold pieces at shops.

Inventory:

Hand Weapons
 n - the +1 spear of Rufexuwk {freeze, +Rage Str+3}
   (You found it on level 2 of the Spider Nest)

   It has been specially enchanted to freeze those struck by it, causing extra
   injury to most foes and up to half again as much damage against particularly
   susceptible opponents.
   It can also slow down cold-blooded creatures.
   It affects your strength (+3).
   It lets you go berserk.
 q - a +5 triple sword of pain (weapon)
 R - the +11 rapier of Distant Worlds {pierce, rElec rN+ MR+}
   (You found it on level 7 of the Dungeon)

   It inflicts extra damage upon your enemies.
   It insulates you from electricity.
   It protects you from negative energy.
   It affects your resistance to hostile enchantments.
Missiles
 k - 702 stones (quivered)
 y - 157 sling bullets
 H - 7 throwing nets
Armour
 c - a +0 shield (worn)
 d - a +3 plate armour of fire resistance (worn)
 e - a +0 pair of gloves (worn)
 h - a +0 cloak (worn)
 E - a +0 scale mail of cold resistance
Jewellery
 m - an uncursed ring of ice
 s - an uncursed ring of poison resistance
 x - an uncursed ring of stealth
 L - a ring of protection from magic (right hand)
 M - an uncursed ring of sustain attributes
 O - a +4 amulet of reflection (around neck)
 T - a +5 ring of evasion (left hand)
 U - an uncursed ring of stealth
 X - an uncursed amulet of regeneration
 Y - a cursed amulet of inaccuracy {unknown}
Wands
 a - a wand of teleportation (2/9)
 o - a wand of random effects (39/48)
 p - a wand of iceblast (8/15)
 r - a wand of paralysis (10/24)
 v - a wand of lightning (10/15)
 w - a wand of enslavement (12/24)
Scrolls
 b - 5 scrolls of fog
 u - 4 scrolls of magic mapping
 C - 3 scrolls of amnesia {unknown}
 D - 5 scrolls of random uselessness {unknown}
 F - 4 scrolls of enchant armour {unknown}
 J - 2 scrolls of acquirement {unknown}
 P - a scroll of identify
 W - 2 scrolls of fear
 Z - 11 scrolls of remove curse
Potions
 i - a potion of lignification
 j - 20 potions of curing
 l - 2 potions of agility
 z - a potion of invisibility
 A - a potion of cure mutation
 I - a potion of cancellation
 Q - a potion of brilliance
 S - 2 potions of might
Miscellaneous
 g - a phantom mirror
 K - a plain deck of changes
 V - a plain deck of wonders
Comestibles
 f - 7 bread rations
 B - 4 fruits
 N - 2 slices of pizza


   Skills:
 + Level 12.6 Fighting
 + Level 12.3 Short Blades
 + Level 1.1(8.1) Long Blades
   Level 6.0 Staves
 + Level 11.4 Armour
 + Level 9.3 Dodging
 + Level 17.3 Stealth
 + Level 16.5 Shields
 * Level 8.2 Spellcasting
 * Level 8.8 Necromancy
 + Level 1.4 Invocations


You had 32 spell levels left.
You knew the following spells:

 Your Spells              Type           Power        Failure   Level  Hunger
a - Pain                  Necr           #...         14%         1    #......


Dungeon Overview and Level Annotations

Branches:
Dungeon (14/15)            Temple (0/1) D:6            Lair (8/8) D:9
 Shoals (0/4) Lair:3       Spider (3/4) Lair:6        Slime (0/6) Lair:7
    Orc (2/2) D:12            Elf (2/3) Orc:2        Vaults (0/5) D:13

Altars:
Ashenzari
Cheibriados
Dithmenos
Elyvilon
Fedhas
Gozag
Pakellas
Ru
Xom
Zin
Beogh
Jiyva

Shops:
D:12 (   Orc:1 [   Orc:2 (=[*

Annotations:
D:4 exclusion: 4 doors
Spider:3 Mara


Innate Abilities, Weirdness & Mutations

You are under a permanent stasis effect.
You can dig through walls and to a lower floor.
Your four strong arms can wield two-handed weapons with a shield.
You have a pair of large antennae on your head (SInv).
You have large cloven feet.
You are partially covered in thin metallic scales (AC +2).
You are partially covered in yellow scales (AC +2).
[You are very clumsy. (Dex -4)]
[Your body often deteriorates upon taking damage.]
[You are very dopey. (Int -4)]
[Your magical capacity is extremely low (-30% MP).]
[You are very weak. (Str -4)]
[You expend magic power (3 MP) to strengthen your wands.]


Message History

The cacodemon hits you but does no damage.
The cacodemon barely misses you. You block the freezing wraith's attack.
The freezing wraith hits you but does no damage.
The crimson imp hits you but does no damage.
You closely miss the wretched star.
You kick the wretched star, but do no damage.
The wretched star is moderately damaged.
The sixfirhy misses you. You block the sixfirhy's attack.
The sixfirhy completely misses you. The sixfirhy hits you.
* * * LOW HITPOINT WARNING * * *
The sixfirhy shocks you.
* * * LOW HITPOINT WARNING * * *
The sixfirhy misses you. You block the crimson imp's attack.
The sixfirhy hits you but does no damage.
The crimson imp blinks!
The wraith misses you.
The cacodemon hits you but does no damage.
You block the cacodemon's attack.
The freezing wraith hits you but does no damage.
The freezing wraith hits you.
You die...

.....# ...#.#.#.
..'.≈≈≈...≈≈≈.##{
#≈≈≈≈≈.≈≈≈≈≈##
#≈≈.≈≈.≈≈.≈≈.#
#≈...≈.≈...≈.# .
#≈...≈5≈...≈.#
....#≈...≈53...≈.#
.....≈..55*W2..≈.#
..#.≈§.534@55.≈##
....#≈≈.≈≈4W55≈≈#
...≈≈≈≈≈.5≈5≈≈#
......≈≈≈5..≈≈≈...#
. ...###.#...#.#..#
..... ..##.#### #.
.... ##.##.# .#
###.##


You could see a cacodemon, a wretched star, a freezing wraith, 2 sixfirhies, a
smoke demon, a neqoxec, a wraith, 2 iron imps, 6 crimson imps, 2 white imps and
2 shadow imps.

Vanquished Creatures
  A deep elf blademaster (Elf:2)
  Kirke (Lair:5)
  An orc warlord (Orc:2)
  An emperor scorpion (Spider:2)
  The ghost of alfred1011 the Grappler, a journeyman TrMo of Cheibriados (Lair:4)
  Azrael (Orc:2)
  Josephine (D:11)
  4 vault guards (D:13)
  2 entropy weavers
  A deep elf high priest (Elf:2)
  Harold (Lair:4)
  5 hydras
  3 catoblepae (Lair:8)
  5 centaur warriors (D:13)
  Erolcha (D:13)
  30 dancing weapons
  A death knight (D:13)
  A tengu warrior (D:13)
  A queen ant (Lair:4)
  16 death yaks
  Sonja (D:11)
  4 orc high priests
  A thrashing horror (Abyss:2)
  Nergalle (D:11)
  15 deep elf knights
  An unseen horror (D:10)
  Pikel (D:5)
  A lindwurm (Lair:8)
  7 deep elf archers
  4 hill giants
  7 orc sorcerers
  51 deep elf magi
  A griffon (D:13)
  4 orc knights
  4 orb spiders (Spider:2)
  12 wolf spiders
  5 ugly things
  2 hornets
  2 oklob plants (Lair:2)
  A cyclops (D:13)
  5 centaur zombies
  4 black mambas
  A guardian serpent (shapeshifter) (D:13)
  4 torpor snails
  A gargoyle (D:13)
  Joseph (D:8)
  11 spiny frogs
  5 komodo dragons
  2 rime drakes
  An efreet (D:14)
  5 demonic crawlers
  5 trolls
  12 jumping spiders
  A jumping spider (shapeshifter) (D:13)
  Prince Ribbit (D:7)
  A two-headed ogre (Orc:2)
  16 blink frogs
  A snapping turtle (Lair:3)
  3 slime creatures (D:13)
  A boulder beetle (Lair:7)
  3 air elementals
  42 redbacks
  17 tarantellas
  A water elemental (Elf:1)
  5 fire elementals
  A shadow (D:12)
  4 wraiths (D:11)
  A human (D:8)
  A basilisk (shapeshifter) (D:13)
  A vampire (D:13)
  4 basilisks
  48 yaks
  A steam dragon (D:7)
  2 hungry ghosts
  A hill giant zombie (D:12)
  6 hippogriffs
  3 vampire mosquitoes (D:13)
  A mottled dragon (D:11)
  2 wargs
  9 soldier ants
  15 porcupines
  3 hell hounds
  11 water moccasins
  35 orc warriors
  An eye of draining (D:13)
  4 sky beasts
  A wasp (D:12)
  3 ice beasts
  3 scorpions
  4 phantoms
  17 wolves
  16 ogres
  18 centaurs
  17 crocodiles
  A big kobold (D:6)
  15 giant frogs
  A gnoll sergeant (D:10)
  5 earth elementals
  A wyvern zombie (D:10)
  A wyvern skeleton (D:12)
  21 killer bees
  5 wights (D:11)
  A vampire bat (Lair:6)
  A howler monkey (D:13)
  5 electric eels (Lair:3)
  7 crimson imps
  4 jellies
  A quasit (D:13)
  2 wasp zombies
  3 hounds
  6 giant frog skeletons
  9 iguanas
  35 orc priests
  6 centaur skeletons
  4 gnoll shamans (D:4)
  27 orc wizards
  Terence (D:2)
  34 worker ants
  22 sheep
  5 ogre zombies (D:12)
  2 hound skeletons
  2 worker ant zombies
  Robin (D:2)
  5 adders
  42 gnolls
  28 river rats
  A shadow imp (D:14)
  An ooze (D:5)
  An adder skeleton (D:6)
  4 worms
  A dart slug (D:2)
  5 giant geckos
  116 orcs
  4 ball pythons
  7 giant cockroaches
  16 goblins
  10 hobgoblins
  29 jackals
  2 quokkas
  14 bats
  3 giant newts
  A goblin skeleton (D:12)
  A goblin zombie (D:12)
  2 hobgoblin skeletons (D:12)
  4 hobgoblin zombies (D:12)
  15 kobolds
  4 orc skeletons (D:12)
  7 orc zombies (D:12)
  41 rats
1177 creatures vanquished.

Vanquished Creatures (others)
  2 deep elf archers
  A deep elf mage (Elf:1)
  2 slaves (D:5)
  A centaur (D:5)
  2 orcs (Orc:2)
  30 fungi
  10 plants
  6 starspawn tentacles (Abyss:2)
  176 starspawn tentacle segments (Abyss:2)
230 creatures vanquished.

Grand Total: 1407 creatures vanquished

Notes
Turn   | Place    | Note
--------------------------------------------------------------
     0 | D:1      | st0uf the Formicid Fighter began the quest for the Orb.
     0 | D:1      | Reached XP level 1. HP: 18/18 MP: 1/1
    86 | D:1      | Reached XP level 2. HP: 20/24 MP: 2/2
   282 | D:1      | Reached XP level 3. HP: 28/29 MP: 3/3
   805 | D:2      | Noticed Robin
   854 | D:2      | Reached XP level 4. HP: 31/37 MP: 4/4
   876 | D:2      | Killed Robin
   913 | D:2      | Found a shadowy altar of Dithmenos.
   964 | D:2      | Found an opulent altar of Gozag.
  1010 | D:2      | Noticed Terence
  1021 | D:2      | Killed Terence
  1021 | D:2      | Reached skill level 1 in Dodging
  1021 | D:2      | Reached XP level 5. HP: 32/42 MP: 5/5
  1085 | D:2      | Found a faded altar to an unknown god.
  1102 | D:2      | Became a worshipper of Dithmenos the Shadowed
  1102 | D:2      | Reached * piety under Dithmenos
  1788 | D:3      | Reached ** piety under Dithmenos
  2070 | D:4      | Noticed a centaur
  2084 | D:3      | Reached skill level 1 in Stealth
  2084 | D:3      | Reached XP level 6. HP: 39/48 MP: 6/6
  2096 | D:3      | Reached skill level 2 in Stealth
  2409 | D:4      | Found a sacrificial altar of Ru.
  2562 | D:4      | Identified the Handbook of the Virous Voyage
  2603 | D:4      | Reached XP level 7. HP: 50/55 MP: 7/7
  2608 | D:4      | Reached skill level 5 in Shields
  2729 | D:3      | Reached skill level 3 in Stealth
  2932 | D:3      | Reached *** piety under Dithmenos
  3063 | D:4      | Found a snail-covered altar of Cheibriados.
  4020 | D:4      | Reached XP level 8. HP: 39/61 MP: 8/8
  4202 | D:4      | Reached skill level 5 in Fighting
  4269 | D:4      | Reached skill level 4 in Stealth
  4498 | D:4      | Reached **** piety under Dithmenos
  4869 | D:5      | Entered Level 5 of the Dungeon
  4928 | D:5      | Reached skill level 5 in Armour
  5288 | D:5      | Noticed Pikel
  5361 | D:5      | Killed Pikel
  5361 | D:5      | Reached skill level 5 in Staves
  5361 | D:5      | Reached skill level 5 in Stealth
  5361 | D:5      | Reached XP level 9. HP: 65/69 MP: 9/9
  5595 | D:5      | Reached skill level 6 in Stealth
  5754 | D:5      | Gained mutation: You have large cloven feet. [mutagenic meat]
  5755 | D:5      | Gained mutation: You are partially covered in yellow scales (AC +2). [mutagenic meat]
  5756 | D:5      | Gained mutation: You are partially covered in thin metallic scales (AC +2). [mutagenic meat]
  6209 | D:6      | Found a white marble altar of Elyvilon.
  6214 | D:6      | Got a jet-encrusted scale mail
  6229 | D:6      | Found a glowing silver altar of Zin.
  6229 | D:6      | Noticed an angel
  6233 | D:6      | Found a shimmering altar of Xom.
  6293 | D:6      | Found a shattered altar of Ashenzari.
  6657 | D:6      | Found a staircase to the Ecumenical Temple.
  6889 | D:7      | Got a steaming rapier
  6890 | D:7      | Identified the +11 rapier of Distant Worlds {pierce, rElec rN+ MR+} (You found it on level 7 of the Dungeon)
  6891 | D:7      | Identified the +8 scale mail of Divine Intervention {rF++ rC-} (You found it on level 6 of the Dungeon)
  7010 | D:7      | Reached skill level 7 in Stealth
  7078 | D:7      | Noticed Prince Ribbit
  7089 | D:7      | Killed Prince Ribbit
  7089 | D:7      | Reached XP level 10. HP: 77/77 MP: 10/10
  7646 | D:8      | Reached skill level 1 in Short Blades
  7654 | D:8      | Reached skill level 5 in Dodging
  7662 | D:8      | Reached skill level 8 in Stealth
  7863 | D:8      | Noticed Joseph
  7875 | D:8      | Killed Joseph
  7898 | D:8      | You fall through a shaft for 2 floors!
  7898 | D:10     | Entered Level 10 of the Dungeon
  8131 | D:10     | Noticed an unseen horror
  8238 | D:10     | Killed an unseen horror
  8277 | D:10     | Reached skill level 9 in Stealth
  8443 | D:10     | Reached XP level 11. HP: 74/84 MP: 11/11
  8591 | D:10     | Reached ***** piety under Dithmenos
  8654 | D:10     | Noticed a deep elf mage
  8752 | D:10     | Killed a deep elf mage
  9020 | D:10     | Reached skill level 10 in Stealth
  9120 | D:10     | Found an oddly glowing altar of Pakellas.
  9297 | D:11     | Noticed Nergalle
  9333 | D:11     | Killed Nergalle
  9444 | D:11     | Noticed a hill giant
  9459 | D:11     | Killed a hill giant
  9673 | D:11     | Noticed Sonja
  9676 | D:11     | Killed Sonja
  9816 | D:11     | Reached skill level 5 in Short Blades
  9823 | D:11     | Reached skill level 10 in Shields
  9829 | D:11     | Reached XP level 12. HP: 86/93 MP: 12/12
  9905 | D:11     | Found a blossoming altar of Fedhas.
 10179 | D:11     | Noticed Josephine
 10237 | D:11     | Killed Josephine
 10237 | D:11     | Reached skill level 11 in Stealth
 10842 | D:12     | Found a staircase to the Orcish Mines.
 11177 | D:12     | Found Saenois's Antique Weapon Boutique.
 11193 | D:12     | Reached skill level 12 in Stealth
 11839 | D:13     | Noticed a centaur warrior
 11867 | D:13     | Killed a centaur warrior
 11867 | D:13     | Reached XP level 13. HP: 99/99 MP: 13/13
 11989 | D:13     | Noticed a centaur warrior
 12024 | D:13     | Killed a centaur warrior
 12042 | D:13     | Noticed a centaur warrior
 12056 | D:13     | Reached skill level 13 in Stealth
 12069 | D:13     | Killed a centaur warrior
 12182 | D:13     | Found a gate to the Vaults.
 12182 | D:13     | Noticed a vault guard
 12182 | D:13     | Noticed a vault guard
 12182 | D:13     | Noticed a vault guard
 12187 | D:13     | Noticed a vault guard
 12219 | D:13     | Killed a vault guard
 12258 | D:13     | Killed a vault guard
 12279 | D:13     | Killed a vault guard
 12363 | D:13     | Killed a vault guard
 12382 | D:13     | Noticed a six-headed hydra
 12385 | D:13     | Killed a six-headed hydra
 12494 | D:13     | Noticed a centaur warrior
 12510 | D:13     | Killed a centaur warrior
 12678 | D:13     | Noticed a centaur warrior
 12688 | D:13     | Killed a centaur warrior
 12688 | D:13     | Reached skill level 14 in Stealth
 12816 | D:13     | Reached XP level 14. HP: 109/109 MP: 14/14
 12823 | D:13     | Noticed Erolcha
 12826 | D:13     | Killed Erolcha
 13791 | Orc:1    | Entered Level 1 of the Orcish Mines
 13897 | Orc:1    | Reached skill level 15 in Stealth
 14092 | Orc:1    | Reached skill level 1 in Invocations
 14345 | Orc:1    | Reached skill level 10 in Fighting
 14709 | Orc:1    | Found a roughly hewn altar of Beogh.
 14808 | Orc:1    | Found Begebruf's Antique Armour Boutique.
 14939 | Orc:2    | Entered Level 2 of the Orcish Mines
 14939 | Orc:2    | Noticed Azrael
 15233 | Orc:2    | Killed Azrael
 15474 | Orc:2    | Found a staircase to the Elven Halls.
 16550 | Orc:2    | Noticed an orc warlord
 16651 | Orc:2    | Killed an orc warlord
 16651 | Orc:2    | Reached skill level 16 in Stealth
 17142 | Orc:2    | Reached XP level 15. HP: 116/117 MP: 15/15
 17150 | Orc:2    | Reached ****** piety under Dithmenos
 17161 | Orc:2    | Found Gaur's Antique Armour Shop.
 17162 | Orc:2    | Found Syestadith's Antique Weapon Boutique.
 17164 | Orc:2    | Found Goluig's General Store.
 17164 | Orc:2    | Found Peyder's Jewellery Shop.
 17211 | Orc:2    | Bought a scroll of identify for 30 gold pieces
 17512 | D:9      | Found a staircase to the Lair.
 17558 | Lair:1   | Entered Level 1 of the Lair of Beasts
 17619 | Lair:1   | Learned a level 1 spell: Pain
 18194 | Lair:1   | Reached skill level 1 in Spellcasting
 18466 | Lair:2   | Got a shimmering dagger
 18467 | Lair:2   | Identified the +4 dagger "Voewny" {flame, rPois Str+2 Int-5} (You found it on level 2 of the Lair of Beasts)
 18523 | Lair:2   | Reached skill level 1 in Necromancy
 18917 | Lair:2   | Got a slimy quarterstaff
 18918 | Lair:2   | Identified the +5 quarterstaff "Wemoanaw" {flame, +Inv rC+ MR+ Int+3} (You found it on level 2 of the Lair of Beasts)
 20179 | Lair:3   | Found a staircase to the Shoals.
 21227 | Lair:4   | Reached skill level 10 in Short Blades
 21400 | Lair:4   | Noticed alfred1011's ghost (journeyman TrMo)
 21438 | Lair:4   | Killed alfred1011's ghost
 22073 | Lair:4   | Noticed Harold
 22076 | Lair:4   | Killed Harold
 22428 | Lair:5   | Noticed Kirke
 22430 | Lair:5   | Killed Kirke
 23236 | Lair:6   | Found a hole to the Spider Nest.
 24136 | Lair:7   | Reached XP level 16. HP: 120/125 MP: 22/22
 24623 | Lair:7   | Found a viscous altar of Jiyva.
 24623 | Lair:7   | Found a staircase to the Slime Pits.
 25077 | Lair:8   | Entered Level 8 of the Lair of Beasts
 26131 | Lair:8   | Reached skill level 10 in Armour
 26166 | Lair:8   | Reached skill level 5 in Necromancy
 26177 | Lair:8   | Reached skill level 5 in Spellcasting
 26918 | Lair:8   | Got a transparent leather armour
 26919 | Lair:8   | Identified the +2 leather armour of Wukoor {rPois rCorr MP+9} (You found it on level 8 of the Lair of Beasts)
 27269 | Spider:1 | Entered Level 1 of the Spider Nest
 27834 | Spider:1 | Reached skill level 17 in Stealth
 28295 | Spider:2 | Got a shimmering spear
 29356 | Spider:2 | Reached XP level 17. HP: 103/133 MP: 25/25
 29767 | Spider:2 | Reached skill level 15 in Shields
 31108 | Spider:3 | Noticed Mara
 31125 | Spider:3 | Noticed st0uf's illusion
 31619 | Spider:3 | Noticed st0uf's illusion
 32326 | Elf:1    | Entered Level 1 of the Elven Halls
 34561 | Elf:2    | Found a huge runed gate.
 34561 | Elf:2    | Found a huge runed gate.
 34561 | Elf:2    | Found a huge runed gate.
 34561 | Elf:2    | Found a huge runed gate.
 34561 | Elf:2    | Found a huge runed gate.
 34594 | Elf:2    | Reached XP level 18. HP: 140/140 MP: 29/29
 34987 | Elf:2    | Identified the +1 spear of Rufexuwk {freeze, +Rage Str+3} (You found it on level 2 of the Spider Nest)
 36030 | Elf:2    | Noticed a deep elf blademaster
 36177 | Elf:2    | Killed a deep elf blademaster
 36773 | Elf:2    | Cast into level 2 of the Abyss (eveningstar of distortion)
 36917 | Abyss:2  | HP: 7/142 [spatial maelstrom (10)]
 37001 | Abyss:2  | Reached skill level 1 in Long Blades
 37003 | Abyss:2  | Noticed a lich
 37135 | Abyss:2  | HP: 4/142 [sixfirhy[a cacodemon] (5)]
 37135 | Abyss:2  | Slain by a freezing wraith

Vault maps used:
D:1:      dpeg_arrival_concentric_ovals
D:2:      overflow_temple_1_default, lemuel_crystal_altar, ecumenical_altar_1,
          uniq_robin, uniq_terence
D:3:      minmay_rats_cheesy_pizza
D:4:      lemuel_castle_with_subvaults, nicolae_overflow_hidden_temple,
          nicolae_ru_great_annihilating_truth
D:5:      first_bread, uniq_pikel
D:6:      grunt_temple_overflow_order_and_chaos_1, lemuel_round_altar,
          elyvilon_altar_5, temple_hall
D:7:      uniq_prince_ribbit1
D:8:      kennysheep_mini_moat, grunt_livestock, uniq_joseph
D:10:     johnstein_pakellas_dig
D:11:     minivault_27, fedhas_altar_3, uniq_nergalle, uniq_josephine,
          uniq_sonja
D:12:     zombieorc1_lemuel, serial_shops, nicolae_shop_overgrown_old_shop
D:13:     minmay_box_of_statues, lightli_vaults_fourway_checkpoint,
          kennysheep_small_square, uniq_erolcha
D:14:     kennysheep_windowed_halls, minmay_splitting_lines
Lair:1:   small_statue_intersection, minivault_23, lemuel_fruit_tree,
          infiniplex_staircase_pool, serial_bayou_shore_a
Lair:2:   dpeg_oklob_gauntlet, beast_lair_carwin_10
Lair:3:   minmay_shoals_entry_hut, nicolae_quartered_pool_super,
          wad_woods_road_02
Lair:4:   minmay_another_anthill, uniq_harold
Lair:5:   grunt_megastairs_3, uniq_kirke
Lair:6:   dummy_spider_entry, st_stairs_13, roderic_batcave
Lair:7:   dpeg_slime_entry_enclosed_altar, infiniplex_staircase_pool_2
Lair:8:   evilmike_catoblepas_cave
Spider:3: uniq_mara, uniq_jorgrun
Orc:1:    serial_shops, shop_fountains, minmay_orc_temple_c
Orc:2:    st_orc_congregation, uniq_azrael
Elf:1:    eino_elf_arrival_the_gate, evilmike_minifort, hex_medium

Skill      XL: |  1  2  3  4  5  6  7  8  9 10 11 12 13 14 15 16 17 18 |
---------------+-------------------------------------------------------+-----
Shields        | 4 5 6 7 8 10 11 12 13 14 15 16 | 16.5
Fighting       | 4 6 7 8 9 10 11 12 | 12.6
Dodging        | 1 2 3 4 5 6 7 8 9 |  9.3
Staves         | 3 5 6 |  6.0
Armour         | 4 5 6 7 8 9 10 11 | 11.4
Stealth        | 1 2 3 5 7 9 10 12 14 16 17 | 17.3
Short Blades   | 3 5 6 8 9 10 11 12 | 12.3
Invocations    | 1 |  1.4
Spellcasting   | 4 5 7 8 |  8.2
Necromancy     | 3 6 7 8 |  8.8
Long Blades    | 1 |  1.1

Action                   |  1- 3 |  4- 6 |  7- 9 | 10-12 | 13-15 | 16-18 || total
-------------------------+-------+-------+-------+-------+-------+-------++-------
Melee: Quarterstaff      |   102 |   283 |   503 |       |       |       ||   888
       Kick              |       |       |    44 |   258 |   571 |   654 ||  1527
       Rapier            |       |       |    27 |   738 |  1640 |  1734 ||  4139
       Triple sword      |       |       |       |       |       |    78 ||    78
Invok: Shadow Step       |       |       |       |     2 |    16 |    11 ||    29
 Abil: Dig               |     1 |     1 |     6 |     8 |    21 |    29 ||    66
Evoke: Wand              |       |       |       |       |       |     1 ||     1
  Use: Scroll            |       |       |     9 |     3 |    17 |     7 ||    36
       Potion            |       |       |       |       |     5 |    12 ||    17
 Stab: Paralysed         |       |     2 |       |       |       |       ||     2
       Sleeping          |       |       |     6 |    30 |    97 |    23 ||   156
       Distracted        |       |       |       |     1 |     9 |     5 ||    15
  Eat: Chunk             |       |     6 |    19 |    18 |    43 |    25 ||   111
       Bread ration      |       |       |       |       |       |     3 ||     3
       Meat ration       |       |       |       |       |       |     1 ||     1
       Beef jerky        |       |       |       |       |       |     1 ||     1
Armor: Scale mail        |    26 |    96 |   128 |   166 |   124 |       ||   540
       Plate armour      |       |       |       |       |   148 |   408 ||   556
Dodge: Dodged            |    38 |   113 |   235 |   312 |   406 |   581 ||  1685
Block: Shield            |    38 |   148 |   286 |   417 |   689 |  1252 ||  2830
       Reflection        |       |       |       |       |       |    38 ||    38
